 Dungeon Crawl Stone Soup version 0.31-a0-1-g4198be8 (webtiles) character file.

Game seed: 11171104937331547121

21 Nithhogg the Trooper (level 2, -1/27 HPs)
             Began as a Hill Orc Fighter on May 1, 2023.
             Slain by an adder (2 damage)
             ... on level 1 of the Dungeon.
             The game lasted 00:02:36 (1275 turns).

Nithhogg the Trooper (Hill Orc Fighter)             Turns: 1275, Time: 00:02:37

Health: -1/27      AC:  6    Str: 18    XL:     2   Next: 87%
Magic:  3/3        EV:  9    Int:  8    God:
Gold:   107        SH:  0    Dex: 10    Spells: 1/1 levels left

rFire   . . .        a - +0 war axe (venom)
rCold   . . .        (no shield)
rNeg    . . .        b - +0 scale mail
rPois   .            (no helmet)
rElec   .            (no cloak)
rCorr   .            (no gloves)
SInv    .            (no boots)
Will    .....        (no amulet) Stlth
                     (no ring)
HPRegen 0.24/turn    (no ring)
MPRegen 0.08/turn

%: no passive effects
@: lethally poisoned (-1 -> -5)
A: no striking features
a: no special abilities


You were on level 1 of the Dungeon.
You visited 1 branch of the dungeon, and saw 2 of its levels.

You collected 107 gold pieces.

Inventory:

Hand Weapons
 a - a +0 war axe of venom (weapon)
Armour
 b - a +0 scale mail (worn)
 c - a +0 buckler
Scrolls
 j - 2 scrolls of blinking {unknown}
 m - a scroll of magic mapping {unknown}
Potions
 d - a potion of might
 f - 2 potions of brilliance {unknown}
 h - a potion of attraction {unknown}
 k - a potion of degeneration {unknown}
 l - a potion of invisibility {unknown}


   Skills:
 + Level 4.0 Fighting
 + Level 3.2 Axes
 + Level 3.6 Armour
 - Level 3.2 Shields
 + Level 1.3 Invocations


You had one spell level left.
You didn't know any spells.
Your spell library contained the following spells:

 Spells                   Type           Power      Damage    Failure   Level
 Frozen Ramparts          Ice            0%         1d1       99%         3
 Ice Form                 Ice/Tmut       0%         N/A       100%        4
 Summon Ice Beast         Ice/Summ       0%         N/A       100%        4
 Summon Lightning Spire   Summ/Air       0%         N/A       100%        4
 Storm Form               Tmut/Air       0%         N/A       100%        7
 Maxwell's Capacitive Co  Air            0%         ∞         100%        8


Dungeon Overview and Level Annotations

Branches:
Dungeon (2/15)

Altars:

Annotations:
D:2 Sigmund


Message History

The adder attacks as you move away!
The adder bites you but does no damage. x2
The adder barely misses you. The adder attacks as you move away!
The adder barely misses you. The adder attacks as you move away!
The adder bites you but does no damage. The adder bites you but does no damage.
The adder bites you.
You are poisoned.
The adder poisons you! The adder attacks as you move away! The adder bites you.
You are more poisoned.
The adder poisons you!
You feel sick.
There is a stone staircase leading up here.
You feel sick. The adder barely misses you.
Something hits you but does no damage.
You climb upwards.
Reactivating autopickup.
You feel sick.
There is a stone staircase leading down here.
You barely miss the adder.
You feel sick.
The adder bites you but does no damage. x2
You closely miss the adder.
You feel sick. The adder bites you but does no damage. The adder bites you.
* * * LOW HITPOINT WARNING * * *
You are more poisoned.
The adder poisons you!
You miss the adder.
* * * LOW HITPOINT WARNING * * *
You feel very sick. The adder bites you but does no damage.
You closely miss the adder.
* * * LOW HITPOINT WARNING * * *
You feel sick. The adder bites you.
* * * LOW HITPOINT WARNING * * *
You are more poisoned.
The adder poisons you! The adder barely misses you.
You hit the adder.
The adder is poisoned.
The adder is lightly wounded.
* * * LOW HITPOINT WARNING * * *
You feel sick. The adder bites you.
You die...

##### #########
....#####.......#
###.#.......###.#########
###.#.....#.###.........#
................@###....#
###.......#....S......#.#
# ###.##..######.####.#.#
###...#..........#
#....###
....#####.######.#
#......# #####
#.######.###.####.#
...#### #.............#
#.# ...'..#
#.######.###### #.#
...##.# ### #.# #.#


You could see an adder (very poisoned).

Vanquished Creatures
  4 endoplasms
  A goblin (D:2)
  4 hobgoblins (D:1)
  A quokka (D:1)
  5 ball pythons
  2 kobolds (D:1)
  A rat (D:2)
18 creatures vanquished.

Notes
Turn   | Place    | Note
-------+----------+-------------------------------------------
     0 | D:1      | Nithhogg the Hill Orc Fighter began the quest for the Orb.
     0 | D:1      | Reached XP level 1. HP: 19/19 MP: 1/1
   149 | D:1      | Found a faded altar of an unknown god.
   240 | D:1      | Reached XP level 2. HP: 27/27 MP: 2/2
   320 | D:1      | Reached skill level 1 in Invocations
   766 | D:2      | Noticed Sigmund
  1069 | D:2      | Reached skill level 4 in Fighting
  1275 | D:1      | HP: 1/27 [poisoned by an adder]
  1275 | D:1      | Slain by an adder

Illustrated notes

Levels and vault maps discovered:
D:1:      dpeg_arrival_pits, layout_basic,
          shapermc_ecumenical_altar_mp_vishouse, hangedman_decor_riveting
D:2:      layout_basic, uniq_sigmund

Skill      XL: |  1  2 |
---------------+-------+-----
Axes           | 3 |  3.2
Invocations    | 1 |  1.3
Fighting       | 4 |  4.0
Armour         | |  3.6
Shields        | |  3.2

Action                     || total
---------------------------++-------
  Melee: War axe           ||    73
    Use: Scroll            ||     4
         Potion            ||     2
 Armour: Scale mail        ||    45
  Dodge: Dodged            ||    59

Table legend: (Time is in decaauts)
 A = Elapsed time spent in this place.
 B = Non-inter-level travel time spent in this place.
 C = Inter-level travel time spent in this place.
 D = Time resting spent in this place.
 E = Time spent auto-exploring this place.
 F = Levels seen in this place.
 G = Mean time per level.
                   A        B        C        D        E       F      G
               +--------+--------+--------+--------+--------+-----+--------+
         Total |   1301 |   1273 |     28 |    148 |    848 |   2 |  650.5 |
       Dungeon |   1301 |   1273 |     28 |    148 |    848 |   2 |  650.5 |
               +--------+--------+--------+--------+--------+-----+--------+

Top non-repeatable levels by time:
     D:1: 885 daAuts
     D:2: 416 daAuts
